 Dungeon Crawl Stone Soup version 0.24.0-123-gd5b16e6ec5 (webtiles) character file.

Game seed: 16283195019453692511, levelgen mode: deterministic

7711 lepoulpe303 the Grappler (level 11, -7/108 (111) HPs)
             Began as a Troll Abyssal Knight on Dec 15, 2019.
             Was a High Priest of Lugonu.
             Mangled by Esos's ghost (18 damage)
             ... on level 9 of the Dungeon on Dec 16, 2019.
             The game lasted 00:27:57 (8929 turns).

lepoulpe303 the Grappler (Troll Abyssal Knight)     Turns: 8929, Time: 00:27:58

HP:   -7/108 (111)  AC: 10    Str: 29    XL:     11   Next: 0%
MP:   14/14         EV: 12    Int:  8    God:    Lugonu [*****.]
Gold: 245           SH:  0    Dex: 10    Spells: 10/10 levels left

rFire    . . .     SeeInvis .     - Unarmed
rCold    . . .     Gourm    +   (no shield)
rNeg     . . .     Faith    .   E - +0 steam dragon scales
rPois    .         Spirit   .   (helmet restricted)
rElec    .         Reflect  .   t - +0 cloak
rCorr    .         Harm     .   (gloves unavailable)
MR       .....                  (boots unavailable)
Stlth    +++.......             v - amulet of the acrobat
HPRegen  0.68/turn              s - ring of stealth {Stlth+}
MPRegen  0.14/turn              B - ring of stealth {Stlth+}

@: mighty
A: large, unfitting armour, claws 3, fast metabolism 3, gourmand, regeneration
1, shaggy fur 1, tough skin 3
a: Depart the Abyss, Bend Space, Banish, Corrupt, Enter the Abyss, Renounce
Religion


You were on level 9 of the Dungeon.
You worshipped Lugonu.
Lugonu was extremely pleased with you.
You were completely stuffed.

You visited 1 branch of the dungeon, and saw 9 of its levels.
You visited the Abyss 1 time.

You collected 405 gold pieces.
You spent 160 gold pieces at shops.

Inventory:

Missiles
 x - 21 poisoned darts
 C - 5 atropa-tipped darts
 J - 7 javelins (quivered)
 Q - 279 stones
Armour
 t - a +0 cloak (worn)
 E - +0 steam dragon scales (worn)
Jewellery
 s - a ring of stealth (left claw) {Stlth+}
 v - an amulet of the acrobat (around neck)
 A - an uncursed ring of fire {rF+, rC-}
 B - a ring of stealth (right claw) {Stlth+}
 I - an uncursed ring of protection from cold
Wands
 r - a wand of flame (57)
 D - a wand of digging (5)
 F - a wand of acid (9)
Scrolls
 f - 3 scrolls of immolation {unknown}
 g - 5 scrolls of amnesia
 h - a scroll of noise {unknown}
 i - 7 scrolls of identify
 j - 8 scrolls of teleportation {unknown}
 p - 2 scrolls of fog {unknown}
 w - 4 scrolls of remove curse
 y - 2 scrolls of enchant armour {unknown}
 z - 2 scrolls of enchant weapon {unknown}
 H - a scroll of summoning {unknown}
 K - 3 scrolls of holy word {unknown}
Potions
 b - 2 potions of haste
 c - a potion of degeneration {unknown}
 d - 3 potions of might
 k - 2 potions of magic {unknown}
 l - 2 potions of heal wounds
 m - 4 potions of lignification {!q}
 n - a potion of flight {unknown}
 o - 2 potions of agility
 q - 6 potions of curing
 u - a potion of mutation {unknown}
 G - a potion of cancellation
 L - a potion of resistance {unknown}
Comestibles
 a - 4 chunks of flesh
 e - 24 rations


   Skills:
 * Level 8.0 Fighting
 + Level 5.7 Throwing
 + Level 1.4 Armour
 + Level 5.7 Dodging
 * Level 9.3 Unarmed Combat
 + Level 5.9 Invocations


You had 10 spell levels left.
You didn't know any spells.
Your spell library contained the following spells:

 Spells                   Type           Power        Failure   Level  Hunger
 Beastly Appendage        Tmut           #.....       41%         1    ##.....
 Magic Dart               Conj           #...         41%         1    ##.....
 Summon Small Mammal      Summ           #...         41%         1    ##.....
 Blink                    Tloc           N/A          54%         2    ###....
 Call Imp                 Summ           #.......     54%         2    ###....
 Slow                     Hex            #.......     54%         2    ###....
 Sticks to Snakes         Tmut           #.......     54%         2    ###....
 Call Canine Familiar     Summ           #.......     78%         3    ####...
 Conjure Flame            Conj/Fire      #.......     78%         3    ####...
 Mephitic Cloud           Conj/Pois/Air  #.......     78%         3    ####...
 Spider Form              Tmut/Pois      #.........   78%         3    ####...
 Summon Guardian Golem    Hex/Summ       #.......     78%         3    ####...
 Ice Form                 Ice/Tmut       #.......     99%         4    #####..
 Summon Ice Beast         Ice/Summ       #.......     99%         4    #####..
 Summon Lightning Spire   Summ/Air       #.......     99%         4    #####..
 Blade Hands              Tmut           #.........   100%        5    ######.


Dungeon Overview and Level Annotations

Branches:
Dungeon (9/15)             Temple (0/1) D:4
   Lair: D:8-11         Orc: D:9-12

Altars:
Zin

Shops:
D:4 }*

Annotations:
D:6 3 runed translucent doors, ThereIsNoGod's ghost, novice NaTm
D:9 Esos's ghost, novice DgIE


Innate Abilities, Weirdness & Mutations

You are too large for most types of armour.
You have claws for hands.
Your metabolism is lightning-fast.
You like to eat raw meat.
Your natural rate of healing is unusually fast.
You are covered in fur. (AC +1)
You have extremely tough skin. (AC +3)


Message History

You barely miss Esos's ghost.
Esos's ghost points at you and mumbles some strange words.
You are frozen.
* * * LOW HITPOINT WARNING * * *
You take 21 damage, and have 27/108 hp.
You scratch Esos's ghost but do no damage.
Esos's ghost hits you but does no damage.
You closely miss Esos's ghost.
Esos's ghost ripples.
Esos's ghost casts a spell at you.
You are frozen.
* * * LOW HITPOINT WARNING * * *
You take 16 damage, and have 11/108 hp.
Aim: Esos's ghost, wielding a weapon of protection (almost destroyed)
The bolt of acid hits Esos's ghost but does no damage.
Esos's ghost hits you.
* * * LOW HITPOINT WARNING * * *
Aim: Esos's ghost, wielding a weapon of protection (almost destroyed)
The bolt of acid misses Esos's ghost.
Esos's ghost hits you!!
You die...

......+.####>......###....
........## #.......# #....
####+##..# #.......# #....
##.###.......# #...#
#...#######)## ##... ##'##
###.# #.#. #.≈.# ###...#
##... #.≈.# #...### #.#.#
#.≈@###'##### #....
#.≈W#.......# #..#.
#$[.#.......####....
#####.......'<.'...#
#........####....
########## ###.. ### #
####


You could see Esos's ghost.

Levels and vault maps discovered:
D:1:      minmay_arrival_floating_metal, layout_basic,
          chequers_serial_rivers_small_b, chequers_arboretum,
          minmay_misc_feat_hallway, minmay_misc_feat_nine_boxes,
          minmay_box_of_dots
D:2:      minmay_wonky_spiral, layout_basic, uniq_crazy_yiuf_cottage,
          uniq_jessica
D:3:      layout_loops_ring
D:4:      layout_loops_ring, minmay_temple_entry_hall, first_ration,
          serial_shops, kennysheep_little_box, nicolae_shop_crystal,
          uniq_blork_the_orc
D:5:      wad_river_or_something, layout_loops_ring, uniq_prince_ribbit1
D:6:      layout_cave_pools, ebering_ghost_rock_garden, uniq_duvessa, uniq_pikel
D:7:      layout_loops_corners, kennysheep_mini, serial_undead, serial_undead_c,
          serial_undead_f, serial_undead_b, serial_undead_f, serial_undead_d,
          serial_undead_b, serial_undead_e, nrook_pool_corridor,
          grunt_livestock, minmay_misc_feat_iff, serial_bayou_pond_c
D:8:      layout_cave_pools, kennysheep_windowed_goal, uniq_maurice, uniq_psyche
D:9:      layout_roguey, ebering_ghost_reflecting_pool, corexii_corridor_pit,
          kennysheep_nub, hex_medium, uniq_erolcha

Notes
Turn   | Place    | Note
-------+----------+-------------------------------------------
     0 | Abyss:1  | lepoulpe303 the Troll Abyssal Knight began the quest for
                  | the Orb.
     0 | Abyss:1  | Reached XP level 1. HP: 22/22 MP: 1/1
     2 | Abyss:1  | Found a corrupted altar of Lugonu.
    39 | Abyss:1  | Noticed a wretched star
    47 | D:1      | Escaped the Abyss
   137 | D:1      | Upgraded the game from 0.24.0-41-g2ae2f7f1be to
                  | 0.24.0-123-gd5b16e6ec5
   137 | D:1      | Identified a +0 dagger
   144 | D:1      | Reached skill level 2 in Dodging
   259 | D:1      | Reached XP level 2. HP: 29/29 MP: 2/2
   398 | D:1      | Reached * piety under Lugonu
   438 | D:1      | Identified a +0 club
   877 | D:2      | Found a runed translucent door.
   878 | D:2      | Identified a +2 quarterstaff of chaos
   878 | D:2      | Identified a +0 cloak
   878 | D:2      | Noticed Crazy Yiuf
   919 | D:2      | Identified a +0 dagger
   919 | D:2      | Identified a +0 robe
   919 | D:2      | Noticed Jessica
   924 | D:2      | Identified a +0 club
   928 | D:2      | Killed Jessica
   928 | D:2      | Reached XP level 3. HP: 36/36 MP: 3/3
   999 | D:2      | Identified a +0 dagger
  1033 | D:2      | Reached skill level 1 in Throwing
  1298 | D:2      | Identified a +0 club
  1314 | D:2      | Identified a +0 dagger
  1522 | D:2      | Reached skill level 3 in Fighting
  1567 | D:2      | Reached XP level 4. HP: 45/45 MP: 4/4
  1584 | D:2      | Identified a +0 club
  1595 | D:2      | Reached skill level 3 in Unarmed Combat
  1814 | D:2      | Killed Crazy Yiuf
  1814 | D:2      | Reached skill level 2 in Invocations
  1873 | D:3      | Identified a +0 club
  1881 | D:3      | Reached ** piety under Lugonu
  1905 | D:3      | Identified a +0 dagger
  1980 | D:3      | Identified a cursed -2 dagger
  1980 | D:3      | Identified a +0 leather armour
  1980 | D:3      | Identified a +0 dagger
  1980 | D:3      | Identified a +0 robe
  1981 | D:3      | Identified a +0 club
  1983 | D:3      | Identified a +0 trident
  2001 | D:3      | Reached XP level 5. HP: 16/53 MP: 5/5
  2072 | D:3      | You fall into a shaft and drop 2 floors!
  2072 | D:5      | Entered Level 5 of the Dungeon
  2117 | D:4      | Identified 3 scrolls of remove curse
  2118 | D:4      | Identified a ring of fire (You found it on level 2 of the
                  | Dungeon)
  2119 | D:4      | Identified 3 scrolls of amnesia
  2120 | D:4      | Identified 3 scrolls of identify
  2120 | D:4      | Identified 3 potions of curing
  2121 | D:4      | Identified an amulet of the acrobat (You found it on level
                  | 4 of the Dungeon)
  2271 | D:3      | Identified a +0 club
  2309 | D:3      | Identified a +0 club
  2472 | D:3      | Identified a +0 dagger
  2538 | D:3      | Identified a +0 mace
  2540 | D:3      | Identified a +0 flail
  2555 | D:3      | Identified a +0 whip of electrocution
  2828 | D:3      | Reached XP level 6. HP: 51/61 MP: 6/6
  2981 | D:4      | Reached skill level 2 in Throwing
  3015 | D:4      | Identified a +0 mace
  3015 | D:4      | Identified a +0 robe
  3015 | D:4      | Noticed Blork the orc
  3078 | D:4      | Reached skill level 4 in Unarmed Combat
  3178 | D:4      | Identified a +0 mace
  3178 | D:4      | Identified a +0 chain mail
  3180 | D:4      | Identified a +0 dagger
  3180 | D:4      | Identified a +0 robe
  3181 | D:4      | Identified a +0 leather armour
  3184 | D:4      | Identified a +0 leather armour
  3191 | D:4      | Identified a +0 club
  3191 | D:4      | Identified a +0 ring mail
  3204 | D:4      | Identified a +0 dagger
  3204 | D:4      | Identified a +0 robe
  3208 | D:4      | Identified a +0 dagger
  3208 | D:4      | Identified a cursed +0 robe
  3210 | D:4      | Identified a +0 mace
  3220 | D:4      | Reached *** piety under Lugonu
  3227 | D:4      | Reached skill level 4 in Fighting
  3285 | D:4      | Found Caoreory's Assorted Antiques.
  3290 | D:4      | Bought a scroll of remove curse for 60 gold pieces
  3290 | D:4      | Bought a jade ring for 100 gold pieces
  3329 | D:4      | Found a staircase to the Ecumenical Temple.
  3399 | D:4      | Found Joing's Gadget Emporium.
  3647 | D:4      | Killed Blork the orc
  3647 | D:4      | Reached skill level 3 in Dodging
  3647 | D:4      | Reached XP level 7. HP: 59/70 MP: 6/8
  3692 | D:5      | Noticed Prince Ribbit
  3778 | D:5      | Identified a +0 dagger
  3778 | D:5      | Identified a +0 robe
  3778 | D:5      | Identified a +0 flail
  3788 | D:5      | Identified a +0 dagger
  3788 | D:5      | Identified a +0 leather armour
  3970 | D:5      | Reached skill level 3 in Invocations
  4265 | D:5      | Reached skill level 5 in Unarmed Combat
  4265 | D:5      | Identified a +0 club
  4388 | D:5      | Identified a +3 shortbow
  4472 | D:5      | Identified a +0 dagger
  4730 | D:5      | Killed Prince Ribbit
  4730 | D:5      | Reached skill level 3 in Throwing
  4730 | D:5      | Reached XP level 8. HP: 54/79 MP: 9/9
  4792 | D:6      | Identified a +0 leather armour
  4792 | D:6      | Identified a +0 shortbow
  4795 | D:6      | Identified a +0 dagger
  4795 | D:6      | Identified a +2 robe of the Archmagi
  4795 | D:6      | Identified a +0 whip of flaming
  4795 | D:6      | Identified a +0 robe
  4795 | D:6      | Noticed Pikel
  4874 | D:6      | Killed Pikel
  4874 | D:6      | Reached skill level 5 in Fighting
  4874 | D:6      | Reached skill level 4 in Dodging
  4874 | D:6      | Reached skill level 6 in Unarmed Combat
  4882 | D:6      | Identified a +0 leather armour
  4913 | D:6      | Identified a +0 whip
  4913 | D:6      | Identified a +0 whip
  4989 | D:6      | Identified a +0 flail
  5008 | D:6      | Reached skill level 4 in Invocations
  5026 | D:6      | Identified a +0 dagger
  5026 | D:6      | Identified a +0 robe
  5026 | D:6      | Noticed Dowan
  5043 | D:6      | Identified a +0 shortbow
  5044 | D:6      | Identified a +0 hand axe
  5049 | D:6      | Identified a +0 dagger
  5049 | D:6      | Identified a +0 robe
  5191 | D:6      | Identified a +0 falchion
  5191 | D:6      | Identified a +0 leather armour
  5191 | D:6      | Identified a +0 whip
  5192 | D:6      | Identified a +0 hand axe
  5193 | D:6      | Identified a +0 whip
  5193 | D:6      | Identified a +0 ring mail
  5203 | D:6      | Reached **** piety under Lugonu
  5225 | D:6      | Identified a +0 short sword
  5225 | D:6      | Identified a +0 chain mail
  5225 | D:6      | Noticed Duvessa
  5234 | D:6      | Killed Duvessa
  5236 | D:6      | Killed Dowan
  5236 | D:6      | Reached XP level 9. HP: 85/89 MP: 11/11
  5261 | D:6      | Identified a +0 flail
  5261 | D:6      | Identified a +0 leather armour
  5338 | D:6      | Identified a ring of protection from cold (You found it on
                  | level 6 of the Dungeon)
  5343 | D:6      | Identified a +0 shortbow
  5411 | D:6      | Found a runed translucent gate.
  5411 | D:6      | Found a runed translucent gate.
  5411 | D:6      | Found a runed translucent gate.
  5427 | D:6      | Noticed ThereIsNoGod's ghost (novice NaTm)
  5535 | D:6      | Identified a +0 mace
  5538 | D:6      | Reached skill level 4 in Throwing
  5686 | D:7      | Identified a +1 mace of holy wrath
  5701 | D:7      | Reached skill level 6 in Fighting
  5707 | D:7      | Identified a +0 trident
  5707 | D:7      | Identified a +0 robe
  5709 | D:7      | Reached skill level 7 in Unarmed Combat
  5709 | D:7      | Identified a +1 falchion
  5709 | D:7      | Identified a +0 robe
  5726 | D:7      | Identified a +0 dagger
  5726 | D:7      | Identified a +0 chain mail
  5727 | D:7      | Identified a +2 hand axe of venom
  5727 | D:7      | Identified a +0 dagger
  5727 | D:7      | Identified a +0 robe
  5732 | D:7      | Identified a +0 club
  5732 | D:7      | Identified a +0 chain mail
  5917 | D:7      | Identified a +0 flail
  5917 | D:7      | Identified a +0 robe
  6254 | D:7      | Identified a +0 morningstar
  6254 | D:7      | Identified a +0 scimitar
  6254 | D:7      | Identified a +0 plate armour
  6480 | D:7      | Identified a +2 long sword
  6480 | D:7      | Identified a +0 robe
  6480 | D:7      | Identified a +2 falchion
  6480 | D:7      | Identified a +0 robe
  6481 | D:7      | Identified a +3 hand axe
  6481 | D:7      | Identified a +0 robe
  6778 | D:7      | Identified a cursed +0 great sword
  6778 | D:7      | Identified a cursed +0 robe
  6779 | D:7      | Identified a +0 leather armour
  6780 | D:7      | Identified a +0 trident
  6780 | D:7      | Identified a +0 robe
  6781 | D:7      | Identified a cursed +0 scimitar
  6781 | D:7      | Identified a +0 robe
  6907 | D:7      | Identified a +0 mace
  6907 | D:7      | Identified a cursed +0 scale mail
  6909 | D:7      | Identified a +0 dagger
  6915 | D:7      | Reached skill level 5 in Invocations
  6934 | D:7      | Identified a +0 scimitar
  6934 | D:7      | Identified a +0 plate armour
  6941 | D:7      | Reached skill level 8 in Unarmed Combat
  6948 | D:7      | Identified a +0 dagger
  6948 | D:7      | Identified a +0 robe
  6950 | D:7      | Reached skill level 5 in Dodging
  6950 | D:7      | Reached XP level 10. HP: 89/97 MP: 12/12
  7002 | D:7      | Found a glowing silver altar of Zin.
  7177 | D:7      | Identified a +0 hand axe
  7177 | D:7      | Identified a +0 animal skin
  7187 | D:6      | Reached skill level 7 in Fighting
  7215 | D:7      | Reached skill level 5 in Throwing
  7639 | D:8      | Identified a cursed +0 giant spiked club
  7680 | D:8      | Identified a +0 halberd
  7682 | D:8      | Identified a +2 dagger of chaos
  7682 | D:8      | Identified a +2 robe
  7682 | D:8      | Noticed Psyche
  7683 | D:8      | Identified a cursed -1 spear
  7686 | D:8      | Reached ***** piety under Lugonu
  7726 | D:8      | Identified a +2 short sword of freezing
  7726 | D:8      | Identified a +0 cloak
  7726 | D:8      | Noticed Maurice
  7726 | D:8      | Identified a +0 dagger
  7726 | D:8      | Identified a +0 robe
  7726 | D:8      | Identified a cursed -3 morningstar
  7726 | D:8      | Identified a +0 dagger
  7726 | D:8      | Identified a +0 dagger
  7726 | D:8      | Identified a +0 robe
  7743 | D:8      | Killed Maurice
  7746 | D:8      | Identified 3 potions of lignification
  7746 | D:8      | Identified a +0 mace
  7747 | D:8      | Identified 2 potions of heal wounds
  7749 | D:8      | Identified 2 potions of might
  7750 | D:8      | Identified a potion of cancellation
  7969 | D:8      | Identified +0 steam dragon scales
  8161 | D:8      | Killed Psyche
  8327 | D:9      | Reached skill level 9 in Unarmed Combat
  8396 | D:9      | Reached skill level 1 in Armour
  8779 | D:9      | Identified a +0 giant club
  8787 | D:9      | Reached skill level 8 in Fighting
  8789 | D:9      | Reached XP level 11. HP: 94/108 MP: 14/14
  8904 | D:9      | Found a runed translucent door.
  8907 | D:9      | Noticed Esos's ghost (novice DgIE)
  8925 | D:9      | HP: 27/108 [Esos's ghost/Freeze (22)]
  8927 | D:9      | HP: 11/108 [Esos's ghost/Freeze (17)]
  8929 | D:9      | Mangled by Esos's ghost

Table legend:
 A = Turns spent in this place as a percentage of turns spent in the entire game.
 B = Non-inter-level travel turns spent in this place as a percentage of non-inter-level travel turns spent in the entire game.
 C = Inter-level travel turns spent in this place as a percentage of turns spent in this place.
 D = Turns resting spent in this place as a percentage of non-inter-level travel turns spent in this place.
 E = Turns spent auto-exploring this place as a percentage of non-inter-level travel turns spent in this place.
 F = Non-inter-level travel turns spent in this place divided by the number of levels of this place that you've seen.
                   A       B       C       D       E      F
               +-------+-------+-------+-------+-------+----------------------
         Total | 100.0 | 100.0 |   4.2 |  13.9 |  65.2 | 855.3
       Dungeon |  99.5 |  99.5 |   4.2 |  13.9 |  65.6 | 945.1
         Abyss |   0.5 |   0.5 |   0.0 |   0.0 |   0.0 |  47.0
               +-------+-------+-------+-------+-------+----------------------

Table legend:
 A = Kills in this place as a percentage of kills in entire the game.
 B = Kills by you in this place as a percentage of kills by you in the entire game.
 C = Kills by friends in this place as a percentage of kills by friends in the entire game.
 D = Other kills in this place as a percentage of other kills in the entire game.
 E = Experience gained in this place as a percentage of experience gained in the entire game.
 F = Experience gained in this place divided by the number of levels of this place that you have seen.
                   A       B       C       D       E      F
               +-------+-------+-------+-------+-------+----------------------
         Total | 100.0 | 100.0 |   N/A | 100.0 | 100.0 | 1101.7
       Dungeon | 100.0 | 100.0 |   N/A | 100.0 | 100.0 | 1224.1
               +-------+-------+-------+-------+-------+----------------------

Skill      XL: |  1  2  3  4  5  6  7  8  9 10 |
---------------+-------------------------------+-----
Dodging        | 2 3 4 5 |  5.7
Throwing       | 1 2 3 4 5 |  5.7
Fighting       | 3 4 5 6 8 |  8.0
Unarmed Combat | 3 4 5 6 8 9 |  9.3
Invocations    | 2 3 4 5 |  5.9
Armour         | 1 |  1.4

Action                   |  1- 3 |  4- 6 |  7- 9 | 10-12 || total
-------------------------+-------+-------+-------+-------++-------
Melee: Unarmed           |    91 |   198 |   269 |   148 ||   706
       Punch             |     1 |     3 |     5 |     9 ||    18
Throw: Stone             |    96 |   106 |    44 |     1 ||   247
       Dart              |       |       |    22 |     3 ||    25
       Boomerang         |       |       |   139 |    16 ||   155
       Javelin           |       |       |       |    52 ||    52
Invok: Depart the Abyss  |     1 |       |       |       ||     1
Evoke: Wand              |       |       |       |     2 ||     2
  Use: Scroll            |       |     4 |       |     4 ||     8
       Potion            |       |       |       |     1 ||     1
 Stab: Sleeping          |     1 |       |     3 |     1 ||     5
       Invisible         |       |       |       |     1 ||     1
  Eat: Chunk             |    20 |    17 |    32 |    29 ||    98
Armor: Robe              |    54 |    57 |    67 |    16 ||   194
       Steam dragon scal |       |       |       |    18 ||    18
Dodge: Dodged            |    56 |    78 |   121 |    52 ||   307

Vanquished Creatures
  Pikel (D:6)
  Maurice (D:8)
  Psyche (D:8)
  Prince Ribbit (D:5)
  A hippogriff (D:9)
  6 yaks (D:9)
  A wyvern (D:9)
  A human (D:6)
  4 hogs
  A hungry ghost (D:8)
  A steam dragon (D:8)
  A water moccasin (D:5)
  Duvessa (D:6)
  2 orc warriors (D:7)
  A black bear (D:7)
  A hornet zombie (D:9)
  2 sky beasts (D:7)
  7 necrophages
  A phantom (D:7)
  A slave (D:5)
  2 ogres
  3 centaurs
  Blork the orc (D:4)
  A wyvern zombie (D:6)
  3 bullfrogs
  Dowan (D:6)
  A wyvern skeleton (D:6)
  3 killer bees (D:7)
  10 wights (D:7)
  2 electric eels (D:7)
  2 crimson imps
  A bullfrog zombie (D:7)
  3 centaur zombies
  Crazy Yiuf (D:2)
  6 orc priests
  A bullfrog skeleton (D:4)
  A centaur skeleton (D:4)
  4 hounds
  9 orc wizards
  Jessica (D:2)
  3 iguanas
  6 worker ants
  A hound skeleton (D:6)
  2 mummies (D:7)
  2 worker ant zombies
  6 gnolls
  A howler monkey skeleton (D:7)
  4 adders
  2 shadow imps
  4 adder skeletons
  A dart slug (D:1)
  3 leopard geckos
  34 orcs
  4 giant cockroaches
  8 goblins
  7 hobgoblins
  17 jackals
  3 quokkas
  A ball python (D:1)
  8 bats
  3 frilled lizards
  A jackal skeleton (D:5)
  A jackal zombie (D:7)
  7 kobolds
  A leopard gecko skeleton (D:5)
  3 leopard gecko zombies
  9 rats
234 creatures vanquished.

Vanquished Creatures (others)
  2 slaves (D:6)
  A centaur (D:6)
  A worker ant (D:6)
  An orc wizard (D:6)
  A gnoll (D:6)
  An orc (D:6)
7 creatures vanquished.

Grand Total: 241 creatures vanquished
